 Dungeon Crawl Stone Soup version 0.27-a0-263-gc8dee61f84 (webtiles) character file.

Game seed: 7830461784424663567

177 siradein the Gusty (level 5, -8/35 HPs)
             Began as a Vampire Air Elementalist on Feb 4, 2021.
             Mangled by a phantom (10 damage)
             ... on level 4 of the Dungeon.
             The game lasted 00:15:14 (3329 turns).

siradein the Gusty (Vampire Air Elementalist)       Turns: 3329, Time: 00:15:16

Health: -8/35      AC:  2    Str:  7    XL:     5   Next: 31%
Magic:  1/8        EV: 12    Int: 19    God:
Gold:   144        SH:  0    Dex: 14    Spells: 2/8 levels left

rFire    . . .     SeeInvis +   l - +2 dagger (drain)
rCold    . . .     Faith    .   (no shield)
rNeg     . . .     Spirit   .   a - +0 robe
rPois    .         Reflect  .   (no helmet)
rElec    .         Harm     .   (no cloak)
rCorr    .         Rampage  .   (no gloves)
Will     .....                  (no boots)
Stlth    ++........             h - amulet of magic regeneration
HPRegen  0.31/turn              f - ring of flight
MPRegen  0.36/turn              (no ring)

@: regenerating quickly
A: fangs 3, see invisible, unbreathing
a: Exsanguinate, Evoke Flight


You were on level 4 of the Dungeon.
You visited 1 branch of the dungeon, and saw 4 of its levels.

You collected 144 gold pieces.

Inventory:

Hand Weapons
 l - a +2 dagger of draining (weapon)
Armour
 a - a +0 robe (worn)
Jewellery
 f - a ring of flight (left hand)
 h - an amulet of magic regeneration (around neck)
 n - an uncursed amulet of regeneration {unknown}
Scrolls
 c - 3 scrolls of teleportation {unknown}
 i - 2 scrolls of fear {unknown}
 j - 2 scrolls of identify {unknown}
 m - a scroll of enchant armour {unknown}
Potions
 b - 2 potions of attraction {unknown}
 d - 2 potions of might {unknown}
 e - a potion of haste {unknown}
 g - a potion of curing {unknown}
 k - 2 potions of cancellation {unknown}
 o - a potion of lignification {unknown}
 p - a potion of flight {unknown}


   Skills:
 - Level 2.1 Dodging
 - Level 3.0 Stealth
 - Level 2.0 Spellcasting
 + Level 2.7 Conjurations
 + Level 4.7 Air Magic


You had 2 spell levels left.
You knew the following spells:

 Your Spells              Type           Power        Failure   Level
a - Shock                 Conj/Air       64%          3%          1
b - Swiftness             Air            20%          3%          2
c - Static Discharge      Conj/Air       16%          11%         3

Your spell library contained the following spells:

 Spells                   Type           Power        Failure   Level
 Airstrike                Air            10%          24%         4
 Lightning Bolt           Conj/Air       8%           69%         5


Dungeon Overview and Level Annotations

Branches:
Dungeon (4/15)
 Temple: D:4-7

Altars:
Wu Jian
The Shining One


Innate Abilities, Weirdness & Mutations

Your natural rate of healing is unusually fast.
You have razor-sharp teeth.
You have supernaturally acute eyesight. (SInv)
You can survive without breathing.


Message History

You don't have enough magic to cast that spell.
Casting: Static Discharge (quite dangerous; 11% risk of failure)
Confirm with . or Enter, or press ? or * to list all spells.
Aiming: Shock (safe; 3% risk of failure)
Press: ? - help, Shift-Dir - straight line, f - hound, p - phantom
Aim: a hound (almost dead, 40% to evade)
The zap hits the hound.
The hound is almost dead.
The hound barely misses you. The phantom closely misses you.
The hound bites you.
* * * LOW HITPOINT WARNING * * *
Casting: Shock (safe; 3% risk of failure)
Confirm with . or Enter, or press ? or * to list all spells.
Aiming: Shock (safe; 3% risk of failure)
Press: ? - help, Shift-Dir - straight line, f/p - hound
Aim: a hound (almost dead, 40% to evade)
The zap hits the hound.
You kill the hound!
The phantom hits you!
You die...

#..^....##
#.#
..#####.#
#.# #.#
#.# #.###
#.# #...#
#.## ###)#
#..# #.##
##.# #.W#
##..# ##@#
##..## #.#
#.<##
#..##.##
##.#..#
.#.## ##.#
##.# #..#
#####.##


You could see a phantom.

Vanquished Creatures
  A howler monkey (D:3)
  A hound (D:4)
  An orc wizard (D:2)
  5 adders
  An ooze (D:1)
  A worm (D:2)
  A dart slug (D:3)
  5 leopard geckos
  2 orcs (D:2)
  2 giant cockroaches
  9 goblins
  4 hobgoblins
  3 quokkas
  A ball python (D:1)
  5 bats
  4 frilled lizards
  4 kobolds
  A leopard gecko skeleton (D:4)
  9 rats
60 creatures vanquished.

Notes
Turn   | Place    | Note
-------+----------+-------------------------------------------
     0 | D:1      | siradein the Vampire Air Elementalist began the quest for
                  | the Orb.
     0 | D:1      | Reached XP level 1. HP: 13/13 MP: 3/3
    62 | D:1      | Reached skill level 1 in Conjurations
   236 | D:1      | Reached XP level 2. HP: 19/19 MP: 3/5
   443 | D:1      | Learned a level 2 spell: Swiftness
  1001 | D:2      | Reached XP level 3. HP: 24/24 MP: 2/6
  1005 | D:2      | Learned a level 3 spell: Static Discharge
  1301 | D:2      | Reached skill level 4 in Air Magic
  1301 | D:2      | Reached XP level 4. HP: 10/30 MP: 0/7
  1460 | D:2      | Found an ornate altar of the Wu Jian Council.
  2086 | D:3      | Reached XP level 5. HP: 35/35 MP: 3/8
  2567 | D:3      | Found a glowing golden altar of the Shining One.
  3294 | D:4      | Noticed a phantom
  3329 | D:4      | Mangled by a phantom

Illustrated notes

Levels and vault maps discovered:
D:1:      dpeg_arrival_long_road, layout_basic,
          amcnicky_mini_rare_corridor_liquid, amcnicky_mini_corridor_feature
D:2:      layout_loops_corners, overflow_temple_1_default
D:3:      lemuel_upstairs_altar, layout_basic, lemuel_crystal_altar
D:4:      layout_rooms, serial_shops, shop, uniq_crazy_yiuf_cottage

Skill      XL: |  1  2  3 |
---------------+----------+-----
Conjurations   | 1 2 |  2.7
Air Magic      | 4 |  4.7
Dodging        | |  2.1
Stealth        | |  3.0
Spellcasting   | |  2.0

Action                   |  1- 3 |  4- 6 || total
-------------------------+-------+-------++-------
Melee: Dagger            |       |     7 ||     7
       Bite              |       |     1 ||     1
 Cast: Shock             |    69 |    80 ||   149
       Swiftness         |     1 |       ||     1
       Static Discharge  |       |     2 ||     2
  Use: Scroll            |     1 |       ||     1
Armor: Robe              |       |     7 ||     7
Dodge: Dodged            |    15 |    10 ||    25

Table legend: (Time is in decaauts)
 A = Elapsed time spent in this place.
 B = Non-inter-level travel time spent in this place.
 C = Inter-level travel time spent in this place.
 D = Time resting spent in this place.
 E = Time spent auto-exploring this place.
 F = Levels seen in this place.
 G = Mean time per level.
                   A        B        C        D        E       F      G
               +--------+--------+--------+--------+--------+-----+--------+
         Total |   3322 |   3177 |    145 |      9 |   2753 |   4 |  830.5 |
       Dungeon |   3322 |   3177 |    145 |      9 |   2753 |   4 |  830.5 |
               +--------+--------+--------+--------+--------+-----+--------+

Top non-repeatable levels by time:
     D:2: 1131 daAuts
     D:3: 1102 daAuts
     D:1: 953 daAuts
     D:4: 134 daAuts
